 Dungeon Crawl Stone Soup version 0.20.0 (webtiles) character file.

5412 ChaseSP the Cleaver (level 10, -2/132 HPs)
             Began as a Hill Orc Fighter on May 25, 2017.
             Was a High Priest of Okawaru.
             Slain by quinnr's ghost (10 damage)
             ... on level 1 of the Lair of Beasts on May 26, 2017.
             The game lasted 00:17:13 (9815 turns).

ChaseSP the Cleaver (Hill Orc Fighter)              Turns: 9815, Time: 00:17:14

Health: -2/132     AC: 23    Str: 25    XL:     10   Next: 67%
Magic:  11/11      EV: 12    Int:  8    God:    Okawaru [*****.]
Gold:   585        SH:  0    Dex: 18    Spells: 9/9 levels left

rFire    + . .     SeeInvis .   B - +0 battleaxe
rCold    x . .     Gourm    .   (shield currently unavailable)
rNeg     . . .     Faith    +   x - +0 crystal plate armour
rPois    +         Spirit   .   v - +0 helmet
rElec    .         Reflect  .   u - +0 cloak
rCorr    .         Harm     .   g - +0 pair of gloves
MR       .....                  (no boots)
Stlth    ..........             A - amulet of faith
Regen    0.4/turn               F - ring of poison resistance
MPRegen  0.2/turn               H - ring of fire

@: mighty, agile, berserking (expiring), lethally poisoned (-2 -> -7), very
quick
A: no striking features
a: Heroism, Finesse, Renounce Religion


You were on level 1 of the Lair of Beasts.
You worshipped Okawaru.
Okawaru was extremely pleased with you.
You were not hungry.

You visited 3 branches of the dungeon, and saw 12 of its levels.

You collected 585 gold pieces.

Inventory:

Hand Weapons
 B - a +0 battleaxe (weapon)
 P - a +0 hand crossbow
 S - a +0 morningstar
Missiles
 h - 8 tomahawks (quivered)
 z - 97 bolts
Armour
 g - a +0 pair of gloves (worn)
 u - a +0 cloak (worn)
 v - a +0 helmet (worn)
 w - a +0 leather armour of fire resistance
 x - a +0 crystal plate armour (worn)
Jewellery
 b - an uncursed ring of flight
 A - an amulet of faith (around neck)
 F - a ring of poison resistance (left hand)
 H - a ring of fire (right hand)
 V - an uncursed amulet of harm {unknown}
 Y - an uncursed ring of protection from cold
 Z - an uncursed ring of protection from cold
Wands
 c - a wand of polymorph (11/24)
 K - a wand of paralysis (7/24)
 O - a wand of lightning (8/15)
 U - a wand of polymorph (15/24)
Scrolls
 e - 2 scrolls of identify
 j - 4 scrolls of enchant armour {unknown}
 k - 3 scrolls of remove curse
 n - 2 scrolls of blinking {unknown}
 s - a scroll of fog {unknown}
 y - a scroll of random uselessness {unknown}
 D - a scroll of recharging {unknown}
 G - 2 scrolls of immolation {unknown}
 L - a scroll of teleportation {unknown}
 N - a scroll of summoning {unknown}
 Q - a scroll of acquirement {unknown}
 R - a scroll of fear {unknown}
 T - 5 scrolls of magic mapping {unknown}
Potions
 d - a potion of might
 i - a potion of curing
 o - 3 potions of lignification
 p - 3 potions of flight
 q - a potion of cancellation
 r - 2 potions of ambrosia
 t - 2 potions of mutation
 C - a potion of agility
 X - a potion of brilliance
Books
 E - a book of Minor Magic

   Spells                             Type                      Level
   a - Magic Dart                     Conjuration                  1
   b - Blink                          Translocation                2
   c - Call Imp                       Summoning                    2
   d - Slow                           Hexes                        2
   e - Conjure Flame                  Conjuration/Fire             3
   f - Mephitic Cloud                 Conjuration/Poison/Air       3
Comestibles
 f - 8 bread rations
 l - 7 meat rations
 m - 5 royal jellies


   Skills:
 + Level 7.7 Fighting
 * Level 14.5 Axes
 - Level 7.9 Armour
 + Level 3.8 Dodging
   Level 3.4 Shields
 - Level 2.3 Invocations
 - Level 1.5 Evocations


You had 9 spell levels left.
You didn't know any spells.

Dungeon Overview and Level Annotations

Branches:
Dungeon (10/15)            Temple (1/1) D:7            Lair (1/6) D:8
    Orc (0/2) D:9

Altars:
Ashenzari
Cheibriados
Dithmenos
Elyvilon
Fedhas
Gozag
Hepliaklqana
Kikubaaqudgha
Makhleb
Nemelex Xobeh
Okawaru
Qazlal
Ru
Sif Muna
Trog
Uskayaw
Vehumet
Xom
Yredelemnul
The Shining One

Shops:
D:6 }

Annotations:
D:10 Caiaphas's ghost, novice MiMo; Erolcha
Lair:1 quinnr's ghost, journeyman MiFi


Message History

You slice quinnr's ghost!!
Quinnr's ghost is heavily damaged.
You closely miss the water moccasin.
You feel sick. Quinnr's ghost hits you!!
* * * LOW HITPOINT WARNING * * *
The water moccasin bites you but does no damage.
Your crystal plate armour prevents you from hitting quinnr's ghost.
Quinnr's ghost is heavily damaged.
You slice the water moccasin!!
You kill the water moccasin!
Okawaru accepts your kill.
You feel sick. Quinnr's ghost hits you!!
* * * LOW HITPOINT WARNING * * *
You are too berserk!
You closely miss quinnr's ghost.
Quinnr's ghost is heavily damaged.
You feel sick.
You closely miss quinnr's ghost.
Quinnr's ghost is heavily damaged.
Quinnr's ghost hits you!
You die...

## ##......##
#.##........#
##..........##
##............#
###.............#
.............####..
...........(.....#
.................>.
.......@#<.........
#.....W†#########..
##....... .
#.##..... # .......
.........
..≈.≈.≈.♣..
..≈.≈.(.≈.♣..


You could see quinnr's ghost.

Vanquished Creatures
  2 two-headed ogres
  A komodo dragon (Lair:1)
  A hungry ghost (D:9)
  2 hell hounds (D:8)
  A water moccasin (Lair:1)
  Duvessa (D:7)
  2 ice beasts
  A sky beast (D:8)
  2 black bears (D:7)
  4 orc warriors
  A phantom (D:7)
  6 ogres
  A necrophage (D:6)
  3 centaurs
  A big kobold (D:7)
  A gnoll sergeant (D:6)
  2 bullfrogs
  Dowan (D:7)
  A wyvern skeleton (D:8)
  A wight (D:7)
  A howler monkey (D:8)
  A centaur zombie (D:7)
  3 hounds
  8 orc priests
  A jelly (D:4)
  8 orc wizards
  2 iguanas
  2 bullfrog skeletons
  5 worker ants
  2 hound zombies (D:9)
  5 gnolls (D:6)
  7 adders
  2 shadow imps
  An ooze (D:3)
  2 worms
  5 leopard geckos
  43 orcs
  4 ball pythons
  7 bats
  5 giant cockroaches
  13 goblins
  6 hobgoblins
  8 jackals
  A quokka (D:2)
  6 frilled lizards
  14 kobolds
  A quokka skeleton (D:5)
  9 rats
207 creatures vanquished.

Notes
Turn   | Place    | Note
-------+----------+-------------------------------------------
     0 | D:1      | ChaseSP the Hill Orc Fighter began the quest for the Orb.
     0 | D:1      | Reached XP level 1. HP: 19/19 MP: 1/1
    72 | D:1      | Reached XP level 2. HP: 18/27 MP: 2/2
   176 | D:1      | Reached skill level 3 in Axes
   918 | D:2      | Reached XP level 3. HP: 33/33 MP: 3/3
   926 | D:2      | Reached skill level 4 in Axes
   930 | D:2      | Found a faded altar of an unknown god.
  1705 | D:2      | Reached skill level 5 in Axes
  1705 | D:2      | Reached XP level 4. HP: 40/40 MP: 4/4
  3085 | D:4      | Reached skill level 6 in Axes
  3085 | D:4      | Reached XP level 5. HP: 32/46 MP: 3/5
  3303 | D:4      | Reached XP level 6. HP: 24/52 MP: 6/6
  3679 | D:4      | Reached skill level 7 in Axes
  4147 | D:5      | Entered Level 5 of the Dungeon
  4187 | D:5      | Noticed an ice beast
  4204 | D:5      | Killed an ice beast
  4276 | D:5      | Reached skill level 8 in Axes
  4276 | D:5      | Reached skill level 5 in Armour
  4276 | D:5      | Reached XP level 7. HP: 29/58 MP: 7/7
  4543 | D:5      | Found a shadowy altar of Dithmenos.
  5012 | D:6      | Reached skill level 9 in Axes
  5131 | D:6      | Found Biomu's Gadget Shop.
  5334 | D:6      | Reached XP level 8. HP: 63/66 MP: 8/8
  5427 | D:6      | Reached skill level 5 in Fighting
  5558 | D:6      | Reached skill level 10 in Axes
  6244 | D:7      | Found a bloodstained altar of Trog.
  6287 | D:7      | Found a staircase to the Ecumenical Temple.
  6296 | Temple   | Entered the Ecumenical Temple
  6401 | Temple   | Became a worshipper of Warmaster Okawaru
  6555 | D:7      | Reached skill level 11 in Axes
  6716 | D:7      | Noticed a two-headed ogre
  6726 | D:7      | Killed a two-headed ogre
  6726 | D:7      | Reached * piety under Okawaru
  6726 | D:7      | Reached ** piety under Okawaru
  6726 | D:7      | Reached skill level 12 in Axes
  6726 | D:7      | Reached XP level 9. HP: 36/78 MP: 9/9
  7186 | D:7      | Reached skill level 1 in Dodging
  7192 | D:7      | Noticed Dowan
  7198 | D:7      | Noticed Duvessa
  7213 | D:7      | Killed Duvessa
  7229 | D:7      | Killed Dowan
  7229 | D:7      | Reached *** piety under Okawaru
  7608 | D:7      | Found a blossoming altar of Fedhas.
  7779 | D:8      | Reached skill level 13 in Axes
  7947 | D:8      | Found a staircase to the Lair.
  8080 | D:8      | Noticed a two-headed ogre
  8085 | D:8      | Killed a two-headed ogre
  8085 | D:8      | Reached **** piety under Okawaru
  8085 | D:8      | Reached XP level 10. HP: 54/85 MP: 10/10
  8138 | D:8      | Reached skill level 14 in Axes
  8494 | D:9      | Reached skill level 1 in Invocations
  8589 | D:9      | Reached skill level 1 in Evocations
  8765 | D:9      | Found a staircase to the Orcish Mines.
  8773 | D:9      | Reached ***** piety under Okawaru
  9237 | D:9      | Found a burning altar of Makhleb.
  9238 | D:9      | Found a hazy altar of Hepliaklqana.
  9259 | D:9      | Found a radiant altar of Vehumet.
  9263 | D:9      | Found an ancient bone altar of Kikubaaqudgha.
  9264 | D:9      | Found a deep blue altar of Sif Muna.
  9269 | D:9      | Identified Kikubaaqudgha's Incunabulum of Stolen Souls
  9289 | D:9      | Found a shadowy altar of Dithmenos.
  9289 | D:9      | Found a snail-covered altar of Cheibriados.
  9290 | D:9      | Found a hide-covered altar of Uskayaw.
  9386 | D:9      | Found a stormy altar of Qazlal.
  9533 | D:9      | Found a glowing golden altar of the Shining One.
  9685 | D:10     | Entered Level 10 of the Dungeon
  9701 | D:10     | Noticed Erolcha
  9701 | D:10     | Noticed Caiaphas's ghost (novice MiMo)
  9780 | Lair:1   | Entered Level 1 of the Lair of Beasts
  9791 | Lair:1   | Noticed quinnr's ghost (journeyman MiFi)
  9815 | Lair:1   | Slain by quinnr's ghost

Skill      XL: |  1  2  3  4  5  6  7  8  9 10 |
---------------+-------------------------------+-----
Axes           | 3 5 6 8 9 12 13 14 | 14.5
Armour         | 4 5 7 |  7.9
Fighting       | 4 7 |  7.7
Dodging        | 2 3 |  3.8
Invocations    | 2 |  2.3
Evocations     | 1 |  1.5
Shields        | |  3.4

Action                   |  1- 3 |  4- 6 |  7- 9 | 10-12 || total
-------------------------+-------+-------+-------+-------++-------
Melee: War axe           |   127 |   150 |   320 |    62 ||   659
       Battleaxe         |       |       |       |   114 ||   114
 Fire: Hand crossbow     |       |       |       |     2 ||     2
Throw: Tomahawk          |     2 |       |       |       ||     2
Invok: Heroism           |       |       |       |     2 ||     2
  Use: Potion            |       |     3 |     1 |     7 ||    11
       Scroll            |       |     1 |       |     9 ||    10
  Eat: Chunk             |     2 |     9 |    12 |     2 ||    25
       Fruit             |       |       |       |     4 ||     4
       Bread ration      |       |       |       |     1 ||     1
Armor: Scale mail        |    67 |    71 |       |       ||   138
       Chain mail        |       |    13 |       |       ||    13
       Crystal plate arm |       |       |   278 |   117 ||   395
Dodge: Dodged            |    58 |    46 |    26 |    31 ||   161
Block: Shield            |    83 |    70 |    84 |       ||   237
